 Dungeon Crawl Stone Soup version 0.31-a0-692-gf03d1854d5 (webtiles) character file.

Game seed: 2640305843233775058

303 qw the Shooter (level 6, 0/40 HPs)
             Began as a Gargoyle Hunter on Sept 6, 2023.
             Slain by an orc wizard
             ... wielding a +0 dagger
              (2 damage)
             ... on level 4 of the Dungeon.
             The game lasted 00:00:59 (1937 turns).

qw the Shooter (Gargoyle Hunter)                    Turns: 1937, Time: 00:01:00

Health: 0/40       AC:  7    Str: 15    XL:     6   Next: 38%
Magic:  6/6        EV: 11    Int:  9    God:
Gold:   121        SH:  0    Dex: 15    Spells: 5/5 levels left

rFire   . . .        Y - +1 shortbow
rCold   . . .        (shield currently unavailable)
rNeg    + . .        c - +0 leather armour
rPois   inf          (no helmet)
rElec   +            (no cloak)
rCorr   .            (no gloves)
SInv    .            (no boots)
Will    .....        (no amulet)
Stlth   ++           (no ring)
HPRegen 0.26/turn    (no ring)
MPRegen 0.10/turn

%: no passive effects
@: no status effects
A: sickness immunity, AC +4, negative energy resistance 1, electricity
resistance, torment resistance 1, petrification resistance
a: no special abilities


You were on level 4 of the Dungeon.
You visited 1 branch of the dungeon, and saw 4 of its levels.

You collected 121 gold pieces.


Innate Abilities, Weirdness & Mutations

You are immune to sickness and miasma.
Your stone body is resilient. (AC +4)
You are immune to poison.
You resist negative energy. (rN+)
You are resistant to electric shocks. (rElec)
You are resistant to unholy torment.
You are immune to petrification.


   Skills:
 - Level 5.3 Fighting
 + Level 5.9 Ranged Weapons
 - Level 1.5 Dodging
 - Level 1.1 Stealth


You had 5 spell levels left.
You didn't know any spells.
Your spell library was empty.

Inventory:

Hand Weapons
 Y - a +1 shortbow (weapon)
Armour
 c - a +0 leather armour (worn)
Jewellery
 g - a ring of ice
Scrolls
 e - 2 scrolls of identify
Potions
 a - a potion of attraction {unknown}
 b - a potion of mutation {unknown}
 d - a potion of brilliance {unknown}
 f - 2 potions of curing
 i - a potion of haste
 l - a potion of degeneration {unknown}

Dungeon Overview and Level Annotations

Branches:
Dungeon (4/15)
 Temple: D:4-7

Altars:
Cheibriados


Message History

The orc hits you with a +0 flail.
The orc wizard hits you but does no damage.
The orc barely misses you.
You shoot an arrow.
The arrow closely misses the orc wizard.
The orc barely misses you.
The orc wizard hits you with a +0 dagger.
The orc barely misses you.
You shoot an arrow.
The arrow hits the orc wizard but does no damage.
The orc wizard is lightly wounded.
The orc barely misses you. The orc wizard barely misses you.
The orc hits you but does no damage.
The orc wizard hits you but does no damage.
The orc barely misses you. The orc misses you.
You shoot an arrow. The arrow hits the orc wizard.
The orc wizard is heavily wounded.
The orc closely misses you.
The orc wizard gestures wildly while chanting.
The orc wizard flickers and vanishes!
Deactivating autopickup; reactivate with Ctrl-A.
The orc hits you with a +0 club.
You shoot an arrow.
The arrow hits the orc but does no damage.
The orc hits you with a +0 flail. Something hits you but does no damage.
The orc hits you with a +0 club.
You shoot an arrow. The arrow closely misses the orc.
The orc barely misses you. The orc hits you but does no damage.
Something hits you.
You shoot an arrow.
The arrow hits the orc but does no damage.
The orc hits you with a +0 flail. Something hits you but does no damage.
The orc closely misses you.
You shoot an arrow. The arrow barely misses the orc.
The orc closely misses you. Something hits you but does no damage.
The orc completely misses you.
You shoot an arrow. The arrow hits the orc.
The orc is almost dead.
The orc barely misses you. Something hits you.
You die...

.............#....#....
.............#....'....
#######.###..#...%#####
#####.######.........
#...#......#.........
#...#......#.........
#...'......#.........
...######'#####.........
..)...o@.........#######
......{o>........#
..)..............#
.................#
#######..........#
############


You could see 2 orcs.

Vanquished Creatures
  Sigmund (D:2)
  A sleepcap (D:4)
  An iguana (D:4)
  5 dart slugs
  3 orcs
  8 bats
  11 endoplasms
  8 giant cockroaches
  4 goblins
  10 hobgoblins
  3 kobolds
  2 quokkas
  7 ball pythons
  4 frilled lizards
  6 rats
74 creatures vanquished.

Notes
Turn   | Place    | Note
-------+----------+-------------------------------------------
     0 | D:1      | qw the Gargoyle Hunter began the quest for the Orb.
     0 | D:1      | Reached XP level 1. HP: 12/12 MP: 1/1
     0 | D:1      | 0 ||| qw: Version: 0.3-a-76-g4403597
     0 | D:1      | 0 ||| qw: Game counter: 63
     0 | D:1      | 0 ||| qw: Melee chars always use a shield: true
     0 | D:1      | 0 ||| qw: God list: Okawaru
     0 | D:1      | 0 ||| qw: Allow faded altars: false
     0 | D:1      | 0 ||| qw: Do Orc after clearing Dungeon:15 true
     0 | D:1      | 0 ||| qw: Do second Lair branch before Depths: true
     0 | D:1      | 0 ||| qw: Lair rune preference: random
     0 | D:1      | 0 ||| qw: Goals: Normal
     0 | D:1      | 0 ||| PLANNING D:1-11
    40 | D:1      | Reached XP level 2. HP: 17/17 MP: 2/2
   439 | D:1      | Reached XP level 3. HP: 21/21 MP: 3/3
   578 | D:1      | 578 ||| READING 2 scrolls labelled MUOPHE DYDA.
   579 | D:1      | 579 ||| READING 2 scrolls labelled MUILYNWIEPT.
   580 | D:1      | 580 ||| READING scroll labelled MAEMUU YXUI.
   581 | D:1      | 581 ||| DRINKING 2 inky potions.
   582 | D:1      | 582 ||| DROPPING scroll of vulnerability.
   583 | D:1      | 583 ||| DROPPING scroll of butterflies.
   597 | D:2      | Noticed Sigmund
   598 | D:2      | 598 ||| Stepping ~*~*~tactically~*~*~ (outnumbered).
   608 | D:2      | Killed Sigmund
   609 | D:2      | Reached XP level 4. HP: 21/31 MP: 4/4
   609 | D:2      | Reached XP level 5. HP: 24/35 MP: 5/5
   629 | D:2      | 629 ||| FLEEEEING.
   630 | D:2      | 630 ||| FLEEEEING.
   631 | D:2      | 631 ||| STAIRDANCE
  1173 | D:2      | 1173 ||| READING scroll labelled SOAHIB VUPSUGUO.
  1174 | D:2      | 1174 ||| DRINKING 2 metallic black potions.
  1338 | D:3      | Reached XP level 6. HP: 40/40 MP: 6/6
  1593 | D:3      | 1593 ||| READING scroll labelled ZIUDIUTAOZY.
  1594 | D:3      | 1594 ||| READING scroll labelled CAGHO AMUONY.
  1595 | D:3      | 1595 ||| READING scroll labelled QOUCOL DUHEO.
  1757 | D:4      | Found a snail-covered altar of Cheibriados.
  1933 | D:4      | HP: 6/40 [orc/+0 flail (5)]
  1935 | D:4      | HP: 2/40 [orc/+0 flail (3)]
  1937 | D:4      | Slain by an orc wizard

Levels and vault maps discovered:
D:1:      heliophobic_arrival_ceremonial_halls, layout_basic
D:2:      layout_loops_ring, uniq_sigmund
D:3:      layout_rooms, minmay_misc_feat_cross, st_stairs_7,
          minmay_gold_behind_fungi
D:4:      layout_gridville, mainiacjoe_overflow_concentric_impassable,
          uniq_eustachio

Skill      XL: |  1  2  3 |
---------------+----------+-----
Ranged Weapons | 5 |  5.9
Fighting       | 5 |  5.3
Dodging        | |  1.5
Stealth        | |  1.1

Action                     |  1- 3 |  4- 6 || total
---------------------------+-------+-------++-------
   Fire: Shortbow          |    76 |   147 ||   223
    Use: Scroll            |     3 |     4 ||     7
         Potion            |     1 |     1 ||     2
 Armour: Leather armour    |    21 |    39 ||    60
  Dodge: Dodged            |    18 |    37 ||    55

Table legend:
 A = Non-vault XP
 B = Vault XP
 C = Vault XP percentage of total XP
 D = Non-vault monster count
 E = Vault monster count
 F = Vault count percentage of total count
                 A         B        C        D         E       F
            +---------+---------+-------+---------+---------+-------
      Total |     207 |     227 |  52.3 |      72 |       2 |   2.7
            +---------+---------+-------+---------+---------+-------
        D:1 |      37 |       0 |   0.0 |      24 |       0 |   0.0
        D:2 |      27 |     226 |  89.3 |      16 |       1 |   5.9
        D:3 |      49 |       1 |   2.0 |      22 |       1 |   4.3
        D:4 |      94 |       0 |   0.0 |      10 |       0 |   0.0
            +---------+---------+-------+---------+---------+-------
